[ AOE2 MATCH · #494281934 ]
UnrankedSpanish vs Incas
Player's team · WIN
Rival team · LOSS
[ REPLAY ANALYSIS · EXTRACTED FROM THE RECORDED GAME ]
Feudal
10:55
Castle
16:02
Imperial
50:29
| APM avg | 68.1 |
| APM peak | 131 |
| eAPM avg | 29.3 |
| Villagers / military | 324 / 913 |
Focus
⚔️ 39.4% · 🌾 60.6%
Skirmisher ×342 · Scout Cavalry ×268 · Knight ×118 · Conquistador ×53 · Hand Cannoneer ×53 · Militia ×47
Feudal
10:03
Castle
21:17
Imperial
44:58
| APM avg | 70.7 |
| APM peak | 125 |
| eAPM avg | 29.6 |
| Villagers / military | 234 / 938 |
Focus
⚔️ 49.0% · 🌾 51.0%
Skirmisher ×476 · Spearman ×351 · Unknown (2550) ×95 · Kamayuk ×61 · Trebuchet (Packed) ×28 · Mangonel ×12
Match map
Initial resources + every placement click. Lines = walls · curves = elevation contours. ◆ gold · ⬟ stone · ● berries · ✦ relic · ◌ wall gap
Your base· Open — 4t gap
CaP's base· Open — unwalled flank
Smoothed initial terrain · ◌ = detected wall gap · hover for details
Inputs per minute
— gimme the rent - - CaP
Build order — gimme the rent
First 150 of 1155 actions detected
| 0:00 | Queue | Villager (Male) |
| 0:00 | Queue | Villager (Male) |
| 0:01 | Queue | Villager (Male) |
| 0:01 | Queue | Villager (Male) |
| 0:02 | Build | House |
| 0:03 | Build | House |
| 1:24 | Queue | Villager (Male) |
| 1:24 | Queue | Villager (Male) |
| 1:58 | Queue | Villager (Male) |
| 1:58 | Queue | Villager (Male) |
| 2:21 | Queue | Villager (Male) |
| 2:24 | Build | Lumber Camp |
| 2:51 | Queue | Villager (Male) |
| 2:51 | Queue | Villager (Male) |
| 2:51 | Queue | Villager (Male) |
| 3:34 | Queue | Villager (Male) |
| 3:34 | Queue | Villager (Male) |
| 3:52 | Queue | Villager (Male) |
| 3:57 | Build | House |
| 4:05 | Build | House |
| 4:07 | Build | Palisade Wall |
| 4:50 | Queue | Villager (Male) |
| 4:51 | Queue | Villager (Male) |
| 4:51 | Queue | Villager (Male) |
| 4:51 | Queue | Villager (Male) |
| 5:05 | Build | Palisade Wall |
| 5:09 | Build | Mill |
| 5:22 | Queue | Villager (Male) |
| 5:24 | Queue | Villager (Male) |
| 6:20 | Queue | Villager (Male) |
| 6:20 | Queue | Villager (Male) |
| 6:20 | Queue | Villager (Male) |
| 7:02 | Build | Palisade Wall |
| 7:03 | Build | Palisade Wall |
| 7:04 | Build | Palisade Wall |
| 7:10 | Build | Palisade Wall |
| 7:11 | Build | Palisade Wall |
| 7:12 | Build | Palisade Wall |
| 7:17 | Build | Mining Camp |
| 7:27 | Build | Palisade Wall |
| 7:44 | Build | Palisade Wall |
| 7:50 | Build | Palisade Wall |
| 7:51 | Build | Palisade Wall |
| 8:13 | Research | Loom |
| 8:44 | Research | Feudal Age |
| 9:25 | Build | Palisade Wall |
| 9:31 | Build | Palisade Gate |
| 10:22 | Build | Palisade Wall |
| 10:33 | Build | Palisade Wall |
| 10:33 | Build | Palisade Wall |
| 10:35 | Build | Palisade Wall |
| 10:36 | Build | Palisade Wall |
| 10:39 | Build | Palisade Wall |
| 10:40 | Build | Palisade Wall |
| 10:44 | Build | Palisade Wall |
| 10:46 | Build | Palisade Wall |
| 10:55 | Age | Feudal Age |
| 11:00 | Build | Market |
| 11:08 | Build | Watch Tower |
| 11:53 | Build | Blacksmith |
| 12:31 | Build | Palisade Wall |
| 12:53 | Build | Palisade Wall |
| 13:22 | Research | Castle Age |
| 13:23 | Research | Castle Age |
| 14:05 | Build | Palisade Wall |
| 14:25 | Build | Palisade Wall |
| 14:26 | Build | Palisade Wall |
| 14:27 | Build | Palisade Wall |
| 14:27 | Build | Palisade Wall |
| 14:28 | Build | Palisade Wall |
| 14:40 | Build | House |
| 14:40 | Build | Palisade Wall |
| 15:46 | Build | Farm |
| 15:57 | Build | Farm |
| 15:58 | Build | Farm |
| 16:01 | Build | Farm |
| 16:02 | Age | Castle Age |
| 16:15 | Build | Farm |
| 16:17 | Build | Farm |
| 16:30 | Build | House |
| 16:58 | Build | Castle |
| 17:12 | Queue | Villager (Male) |
| 17:12 | Queue | Villager (Male) |
| 17:31 | Queue | Villager (Male) |
| 17:31 | Queue | Villager (Male) |
| 17:51 | Build | Mining Camp |
| 18:14 | Queue | Conquistador |
| 18:15 | Queue | Conquistador |
| 18:23 | Queue | Villager (Male) |
| 19:26 | Queue | Conquistador |
| 19:27 | Queue | Conquistador |
| 19:34 | Queue | Villager (Male) |
| 19:43 | Queue | Conquistador |
| 19:43 | Queue | Conquistador |
| 19:55 | Build | Farm |
| 20:15 | Build | Farm |
| 20:22 | Queue | Villager (Male) |
| 20:31 | Research | Double-Bit Axe |
| 20:31 | Research | Double-Bit Axe |
| 20:40 | Queue | Conquistador |
| 20:40 | Queue | Conquistador |
| 21:04 | Research | Padded Archer Armor |
| 21:08 | Build | Farm |
| 21:14 | Queue | Conquistador |
| 21:14 | Queue | Conquistador |
| 21:37 | Queue | Conquistador |
| 22:15 | Queue | Conquistador |
| 22:15 | Queue | Conquistador |
| 23:21 | Build | Siege Workshop |
| 23:25 | Queue | Conquistador |
| 23:25 | Queue | Conquistador |
| 23:26 | Queue | Villager (Male) |
| 23:47 | Queue | Villager (Male) |
| 24:01 | Queue | Conquistador |
| 24:06 | Build | Farm |
| 24:11 | Queue | Mangonel |
| 24:12 | Queue | Mangonel |
| 24:44 | Queue | Villager (Male) |
| 24:55 | Queue | Conquistador |
| 24:55 | Queue | Conquistador |
| 25:43 | Queue | Conquistador |
| 25:43 | Queue | Conquistador |
| 25:48 | Queue | Villager (Male) |
| 25:51 | Build | House |
| 25:51 | Build | House |
| 25:56 | Queue | Mangonel |
| 26:20 | Build | Monastery |
| 26:27 | Queue | Conquistador |
| 26:27 | Queue | Villager (Male) |
| 26:47 | Queue | Missionary |
| 26:49 | Build | Outpost |
| 26:52 | Research | Town Watch |
| 26:59 | Research | Horse Collar |
| 27:17 | Build | Outpost |
| 27:23 | Build | Outpost |
| 27:27 | Queue | Villager (Male) |
| 27:36 | Build | House |
| 27:39 | Queue | Conquistador |
| 27:39 | Queue | Conquistador |
| 27:42 | Build | Farm |
| 28:23 | Research | Town Watch |
| 28:27 | Queue | Battering Ram |
| 29:01 | Build | Outpost |
| 29:05 | Build | Outpost |
| 29:08 | Queue | Conquistador |
| 29:33 | Queue | Missionary |
| 29:49 | Queue | Conquistador |
| 29:50 | Queue | Villager (Male) |
| 29:51 | Queue | Villager (Male) |
| 29:54 | Build | Farm |
Build order — CaP
First 150 of 792 actions detected
| 0:00 | Queue | Villager (Male) ×4 |
| 0:01 | Build | House |
| 1:13 | Queue | Villager (Male) |
| 1:33 | Queue | Villager (Male) |
| 1:45 | Build | Settlement |
| 2:05 | Queue | Villager (Male) |
| 2:06 | Queue | Villager (Male) |
| 2:27 | Queue | Villager (Male) |
| 2:56 | Queue | Villager (Male) |
| 2:56 | Queue | Villager (Male) |
| 3:19 | Queue | Villager (Male) |
| 3:53 | Queue | Villager (Male) |
| 3:53 | Queue | Villager (Male) |
| 4:17 | Queue | Villager (Male) |
| 4:17 | Queue | Villager (Male) |
| 4:41 | Build | Barracks |
| 4:45 | Queue | Villager (Male) |
| 4:47 | Queue | Villager (Male) |
| 5:27 | Queue | Unit 2550 |
| 5:38 | Queue | Villager (Male) |
| 6:09 | Research | Loom |
| 6:27 | Queue | Unit 2550 |
| 6:28 | Queue | Villager (Male) |
| 7:28 | Queue | Villager (Male) |
| 7:49 | Research | Feudal Age |
| 8:23 | Build | Settlement |
| 9:04 | Build | House |
| 9:37 | Queue | Villager (Male) |
| 9:38 | Queue | Villager (Male) |
| 10:03 | Age | Feudal Age |
| 10:04 | Build | Archery Range |
| 10:07 | Build | Blacksmith |
| 10:10 | Research | Tech 1402 |
| 10:11 | Queue | Villager (Male) |
| 10:15 | Research | Double-Bit Axe |
| 10:25 | Build | Outpost |
| 10:45 | Build | Outpost |
| 10:49 | Queue | Unit 2550 |
| 10:53 | Queue | Villager (Male) |
| 11:15 | Queue | Archer |
| 11:15 | Queue | Archer |
| 11:18 | Build | Farm |
| 11:18 | Build | Farm |
| 11:21 | Build | Farm |
| 11:23 | Queue | Villager (Male) |
| 11:47 | Queue | Archer |
| 11:51 | Build | Farm |
| 11:52 | Build | Farm |
| 11:53 | Queue | Villager (Male) |
| 11:59 | Build | House |
| 12:11 | Build | House |
| 12:25 | Queue | Villager (Male) |
| 12:27 | Build | Farm |
| 12:30 | Queue | Archer |
| 12:59 | Queue | Archer |
| 12:59 | Queue | Archer |
| 13:06 | Queue | Villager (Male) |
| 13:11 | Queue | Villager (Male) |
| 13:11 | Queue | Villager (Male) |
| 13:17 | Build | House |
| 13:34 | Queue | Archer |
| 13:43 | Build | House |
| 13:49 | Build | Farm |
| 13:49 | Queue | Villager (Male) |
| 14:13 | Build | Watch Tower |
| 14:19 | Queue | Villager (Male) |
| 14:23 | Queue | Villager (Male) |
| 14:59 | Build | Watch Tower |
| 15:06 | Build | Stone Wall |
| 15:08 | Build | House |
| 15:27 | Build | Watch Tower |
| 15:32 | Research | Fletching |
| 15:33 | Queue | Villager (Male) |
| 15:37 | Build | Settlement |
| 15:42 | Queue | Villager (Male) |
| 16:03 | Build | Farm |
| 16:36 | Queue | Villager (Male) |
| 16:37 | Queue | Villager (Male) |
| 16:40 | Queue | Archer |
| 17:13 | Build | Market |
| 17:19 | Queue | Villager (Male) |
| 17:33 | Build | House |
| 17:37 | Queue | Villager (Male) |
| 17:43 | Build | Watch Tower |
| 17:45 | Queue | Villager (Male) |
| 18:01 | Build | Outpost |
| 18:37 | Research | Castle Age |
| 18:40 | Build | Archery Range |
| 18:43 | Build | House |
| 18:47 | Build | Palisade Wall |
| 18:48 | Build | Palisade Wall |
| 19:19 | Queue | Villager (Male) |
| 19:29 | Build | Settlement |
| 19:40 | Queue | Skirmisher |
| 19:41 | Queue | Skirmisher |
| 19:41 | Queue | Skirmisher |
| 19:41 | Queue | Skirmisher |
| 20:15 | Build | Watch Tower |
| 20:23 | Queue | Skirmisher |
| 20:24 | Queue | Skirmisher |
| 21:00 | Queue | Villager (Male) |
| 21:02 | Queue | Skirmisher |
| 21:02 | Queue | Skirmisher |
| 21:17 | Age | Castle Age |
| 21:29 | Research | Elite Skirmisher (upgrade) |
| 21:42 | Queue | Villager (Male) |
| 22:12 | Research | Padded Archer Armor |
| 22:34 | Build | House |
| 22:36 | Build | House |
| 22:40 | Build | House |
| 22:57 | Queue | Skirmisher |
| 22:57 | Queue | Skirmisher |
| 22:58 | Queue | Villager (Male) |
| 23:04 | Build | Watch Tower |
| 23:24 | Build | Farm |
| 23:33 | Queue | Skirmisher |
| 23:33 | Queue | Skirmisher |
| 23:49 | Research | Bodkin Arrow |
| 24:14 | Queue | Villager (Male) |
| 24:14 | Queue | Villager (Male) |
| 24:21 | Build | Siege Workshop |
| 24:32 | Queue | Skirmisher |
| 24:33 | Queue | Skirmisher |
| 24:33 | Queue | Skirmisher |
| 25:04 | Queue | Villager (Male) |
| 25:16 | Queue | Mangonel |
| 25:21 | Queue | Villager (Male) |
| 25:35 | Build | Castle |
| 25:48 | Queue | Skirmisher |
| 26:27 | Build | Settlement |
| 26:41 | Queue | Villager (Male) |
| 26:42 | Queue | Villager (Male) |
| 26:43 | Queue | Skirmisher |
| 27:11 | Queue | Villager (Male) |
| 27:26 | Queue | Villager (Male) |
| 27:26 | Queue | Villager (Male) |
| 27:28 | Build | Farm |
| 27:30 | Build | Farm |
| 27:30 | Build | Farm |
| 27:45 | Queue | Skirmisher |
| 28:02 | Build | Farm |
| 28:02 | Queue | Villager (Male) |
| 28:25 | Build | Farm |
| 28:26 | Queue | Mangonel |
| 28:38 | Build | Farm |
| 28:38 | Queue | Villager (Male) |
| 29:02 | Queue | Villager (Male) |
| 29:03 | Queue | Villager (Male) |
| 29:05 | Build | Archery Range |
| 29:33 | Queue | Villager (Male) |
Match timeline
| 4:07 | gimme the rent · wall_segment Palisade Wall x3 |
| 4:41 | CaP · first_building Barracks |
| 5:05 | gimme the rent · wall_segment Palisade Wall x3 |
| 7:02 | gimme the rent · wall_segment Palisade Wall x1 |
| 7:03 | gimme the rent · wall_segment Palisade Wall x1 |
| 7:04 | gimme the rent · wall_segment Palisade Wall x1 |
| 7:10 | gimme the rent · wall_segment Palisade Wall x1 |
| 7:11 | gimme the rent · wall_segment Palisade Wall x1 |
| 7:12 | gimme the rent · wall_segment Palisade Wall x1 |
| 7:27 | gimme the rent · wall_segment Palisade Wall x2 |
| 7:44 | gimme the rent · wall_segment Palisade Wall x1 |
| 7:50 | gimme the rent · wall_segment Palisade Wall x1 |
| 7:51 | gimme the rent · wall_segment Palisade Wall x1 |
| 9:25 | gimme the rent · wall_segment Palisade Wall x3 |
| 10:03 | CaP · age_up feudal |
| 10:04 | CaP · first_building Archery Range |
| 10:22 | gimme the rent · wall_segment Palisade Wall x1 |
| 10:33 | gimme the rent · wall_segment Palisade Wall x1 |
| 10:33 | gimme the rent · wall_segment Palisade Wall x1 |
| 10:35 | gimme the rent · wall_segment Palisade Wall x1 |
| 10:36 | gimme the rent · wall_segment Palisade Wall x1 |
| 10:39 | gimme the rent · wall_segment Palisade Wall x1 |
| 10:40 | gimme the rent · wall_segment Palisade Wall x1 |
| 10:44 | gimme the rent · wall_segment Palisade Wall x1 |
| 10:46 | gimme the rent · wall_segment Palisade Wall x1 |
| 10:55 | gimme the rent · age_up feudal |
| 12:31 | gimme the rent · wall_segment Palisade Wall x1 |
| 12:53 | gimme the rent · wall_segment Palisade Wall x1 |
| 13:17 | gimme the rent · first_market_sell 100 stone |
| 13:18 | gimme the rent · first_market_buy 100 food |
| 14:05 | gimme the rent · wall_segment Palisade Wall x1 |
| 14:25 | gimme the rent · wall_segment Palisade Wall x1 |
| 14:26 | gimme the rent · wall_segment Palisade Wall x1 |
| 14:27 | gimme the rent · wall_segment Palisade Wall x1 |
| 14:27 | gimme the rent · wall_segment Palisade Wall x1 |
| 14:28 | gimme the rent · wall_segment Palisade Wall x1 |
| 14:40 | gimme the rent · wall_segment Palisade Wall x1 |
| 15:06 | CaP · wall_segment Stone Wall x1 |
| 16:02 | gimme the rent · age_up castle |
| 16:58 | gimme the rent · first_building Castle |
| 18:08 | CaP · first_market_buy 100 food |
| 18:47 | CaP · wall_segment Palisade Wall x7 |
| 18:48 | CaP · wall_segment Palisade Wall x3 |
| 19:52 | CaP · first_market_sell 100 food |
| 21:17 | CaP · age_up castle |
| 23:21 | gimme the rent · first_building Siege Workshop |
| 24:21 | CaP · first_building Siege Workshop |
| 25:35 | CaP · first_building Castle |
| 26:20 | gimme the rent · first_building Monastery |
| 31:03 | gimme the rent · first_building Barracks |
| 33:52 | gimme the rent · first_building Stable |
| 39:56 | gimme the rent · wall_segment Palisade Wall x1 |
| 44:58 | CaP · age_up imperial |
| 50:29 | gimme the rent · age_up imperial |
| 51:53 | CaP · wall_segment Palisade Wall x1 |
| 57:28 | gimme the rent · first_building Archery Range |
| 74:12 | CaP · wall_segment Stone Wall x25 |
| 74:16 | gimme the rent · wall_segment Stone Wall x16 |
| 76:36 | gimme the rent · wall_segment Stone Wall x13 |
| 76:39 | gimme the rent · wall_segment Stone Wall x12 |
| 76:44 | gimme the rent · wall_segment Stone Wall x2 |
| 76:47 | gimme the rent · wall_segment Stone Wall x8 |
| 82:41 | CaP · first_building Monastery |
| 82:50 | gimme the rent · wall_segment Stone Wall x12 |
| 88:43 | gimme the rent · wall_segment Stone Wall x2 |
| 89:59 | gimme the rent · wall_segment Stone Wall x15 |
| 90:05 | gimme the rent · wall_segment Stone Wall x6 |
| 90:06 | gimme the rent · wall_segment Stone Wall x1 |
| 90:47 | gimme the rent · wall_segment Stone Wall x11 |
| 90:50 | gimme the rent · wall_segment Stone Wall x7 |
| 91:49 | gimme the rent · wall_segment Stone Wall x6 |
| 91:50 | gimme the rent · wall_segment Stone Wall x3 |
| 91:52 | gimme the rent · wall_segment Stone Wall x9 |
| 91:54 | gimme the rent · wall_segment Stone Wall x6 |
| 95:50 | gimme the rent · wall_segment Stone Wall x1 |
| 100:50 | gimme the rent · wall_segment Stone Wall x3 |
| 100:52 | gimme the rent · wall_segment Stone Wall x2 |
| 105:11 | CaP · resign |
[ AI ANALYSIS · 1 CREDIT ]
What really happened in this match?
Wolo.gg analyzes every decision: build order, eco, micro, common mistakes by bracket. Personalized analysis on WhatsApp or Discord in 30 seconds.
Civ guide
Spanish
Perfil
Jugador #22462688